 Dungeon Crawl Stone Soup version 0.22-a0-482-g76e0a5f51a (webtiles) character file.

668 TazKhaelyor the Insei (level 7, -3/58 HPs)
             Began as a Grey Draconian Transmuter on June 17, 2018.
             Was a Believer of Makhleb.
             Slain by Jonneg's ghost (5 damage)
             ... on level 4 of the Dungeon.
             The game lasted 00:22:53 (4381 turns).

TazKhaelyor the Insei (Grey Draconian Transmuter)   Turns: 4381, Time: 00:22:53

Health: -3/58      AC: 11    Str: 12    XL:     7   Next: 32%
Magic:  6/12       EV: 13    Int: 14    God:    Makhleb [**....]
Gold:   181        SH:  0    Dex: 13    Spells: 3/13 levels left

rFire    . . .     SeeInvis .   j - +4 trident (freeze)
rCold    . . .     Gourm    .   (no shield)
rNeg     . . .     Faith    .   (armour unavailable)
rPois    .         Spirit   .   (helmet restricted)
rElec    .         Reflect  .   (no cloak)
rCorr    .         Harm     .   (no gloves)
MR       .....                  (no boots)
Stlth    +.........             (no amulet)
HPRegen  0.19/turn              (no ring)
MPRegen  0.13/turn              (no ring)

@: lethally poisoned (-3 -> -9), flying, very slightly contaminated
A: walk through water, unfitting armour, unbreathing, cold-blooded, AC +11
a: Minor Destruction, Renounce Religion


You were on level 4 of the Dungeon.
You worshipped Makhleb.
Makhleb was pleased with you.
You were hungry.

You visited 1 branch of the dungeon, and saw 4 of its levels.

You collected 181 gold pieces.

Inventory:

Hand Weapons
 j - a +4 trident of freezing (weapon)
Missiles
 a - 64 arrows
 i - 136 stones (quivered)
 q - 7 javelins
Scrolls
 b - a scroll of enchant armour {unknown}
 d - 3 scrolls of teleportation
 e - 8 scrolls of identify
 l - 5 scrolls of enchant weapon {unknown}
 m - 4 scrolls of remove curse {unknown}
 s - 2 scrolls of fear {unknown}
Potions
 f - a potion of mutation
 h - a potion of lignification {unknown}
 k - a potion of magic {unknown}
 o - a potion of heal wounds {unknown}
 p - a potion of resistance {unknown}
 r - a potion of brilliance
 t - a potion of berserk rage {unknown}
Comestibles
 c - 9 rations
 n - 9 chunks of flesh


   Skills:
 + Level 3.8 Fighting
 + Level 3.5 Dodging
 + Level 4.5 Unarmed Combat
 + Level 3.6 Spellcasting
 + Level 3.8 Transmutations
 + Level 1.8 Poison Magic


You had 3 spell levels left.
You knew the following spells:

 Your Spells              Type           Power        Failure   Level  Hunger
a - Beastly Appendage     Tmut           ##....       4%          1    None
b - Sticks to Snakes      Tmut           ##......     6%          2    ##.....
c - Spider Form           Tmut/Pois      ##........   19%         3    ###....
d - Ice Form              Ice/Tmut       #.......     65%         4    ####...

Your spell library contained the following spells:

 Spells                   Type           Power        Failure   Level  Hunger
 Blade Hands              Tmut           ##........   75%         5    ######.


Dungeon Overview and Level Annotations

Branches:
Dungeon (4/15)
 Temple: D:4-7

Altars:
Cheibriados
Dithmenos
Hepliaklqana
Makhleb
Wu Jian

Annotations:
D:4 Jonneg's ghost, amateur MiFi


Innate Abilities, Weirdness & Mutations

You can walk through water.
Your dull iron-grey scales are very hard. (AC +11)
You cannot fit into any form of body armour.
You can survive without breathing.
You are cold-blooded and may be slowed by cold attacks.


Message History

The orc priest hits your ball python with a hand axe.
Your ball python dies!
You feel sick.
Your adder closely misses Jonneg's ghost.
Your ball python bites the orc priest.
Your ball python grabs the orc priest.
Your ball python constricts the orc priest.
Your adder closely misses Jonneg's ghost.
You feel sick.
The orc priest hits your adder with a dagger.
Your ball python bites the orc priest.
Your ball python constricts the orc priest.
The orc priest calls down the wrath of Beogh upon you.
Beogh smites you!
* * * LOW HITPOINT WARNING * * *
It was a potion of flight.
You feel very buoyant.
You fly up into the air.
* * * LOW HITPOINT WARNING * * *
You feel sick. Jonneg's ghost hits you.
You die...

.#...###.....#.# .#.###
...............###......
#...##...##.#..........
##.#....................
.............#..##.##.##
.##.......................
..#.##.##..#####...#......
....#.##..#####.#.#######
#..#...@.........## #
#.##..#####W##..#.#..# #
..........#S....[....#.#
#.....#.(S'o#o.##..###.##
#.....#..o#.#..##.......#
.#.....#...#)#o.###.#.#..# ###
.......#w##.o...###.#.#..# #..
.......#............#.#..###.#
.........w.#.#..#.#...........


You could see an orc priest, Jonneg's ghost and an orc.

Vanquished Creatures
  A scorpion (D:3)
  6 orc wizards
  3 orc priests (D:3)
  2 hounds
  A bullfrog skeleton (D:4)
  A worker ant (D:4)
  Robin (D:2)
  A gnoll (D:1)
  8 adders
  A worm (D:2)
  7 dart slugs (D:3)
  9 leopard geckos
  11 orcs
  7 giant cockroaches
  21 goblins
  9 hobgoblins
  6 jackals
  3 quokkas
  10 bats
  8 frilled lizards
  7 kobolds
  8 rats
131 creatures vanquished.

Vanquished Creatures (collateral kills)
  2 hobgoblins (D:2)
2 creatures vanquished.

Grand Total: 133 creatures vanquished

Notes
Turn   | Place    | Note
-------+----------+-------------------------------------------
     0 | D:1      | TazKhaelyor the Draconian Transmuter began the quest for the Orb.
     0 | D:1      | Reached XP level 1. HP: 16/16 MP: 3/3
   141 | D:1      | Reached XP level 2. HP: 21/23 MP: 5/5
   448 | D:1      | Reached XP level 3. HP: 22/29 MP: 6/6
   938 | D:1      | Learned a level 2 spell: Sticks to Snakes
   942 | D:1      | Learned a level 3 spell: Spider Form
  1049 | D:2      | Found a shadowy altar of Dithmenos.
  1070 | D:2      | Noticed Robin
  1105 | D:2      | Reached XP level 4. HP: 12/36 MP: 4/7
  1112 | D:2      | Killed Robin
  1624 | D:2      | Found a hazy altar of Hepliaklqana.
  1966 | D:2      | Found a burning altar of Makhleb.
  1973 | D:2      | Became a worshipper of Makhleb the Destroyer
  2328 | D:3      | Reached XP level 5. HP: 32/42 MP: 9/9
  2443 | D:3      | Found a snail-covered altar of Cheibriados.
  2814 | D:3      | Learned a level 4 spell: Ice Form
  2908 | D:3      | Reached skill level 4 in Unarmed Combat
  2908 | D:3      | Reached XP level 6. HP: 51/51 MP: 10/10
  2925 | D:3      | Reached * piety under Makhleb
  3130 | D:3      | Found an ornate altar of the Wu Jian Council.
  3436 | D:3      | Reached skill level 1 in Poison Magic
  4091 | D:4      | Your scales start taking on a dull iron-grey colour.
  4091 | D:4      | Reached XP level 7. HP: 56/57 MP: 12/12
  4091 | D:4      | Gained mutation: You can survive without breathing. [Grey Draconian growth]
  4101 | D:4      | Reached ** piety under Makhleb
  4362 | D:4      | Noticed Jonneg's ghost (amateur MiFi)
  4381 | D:4      | HP: 2/58 [poisoned by Jonneg's ghost]
  4381 | D:4      | Slain by Jonneg's ghost

Vault maps used:
D:1:      ncdulo_smallfort, minmay_vboxes
D:2:      nicolae_dithmenos_shadow_blocks, old_standard_altar,
          lemuel_crystal_altar, grunt_ministairs_8, kennysheep_boxes, uniq_robin
D:3:      kennysheep_slugbush, lemuel_doored_altar,
          nicolae_overflow_hidden_temple, cheibriados_altar_1, first_ration
D:4:      lemuel_crystal_altar, hangedman_decor_clover_reticule, uniq_grinder

Skill      XL: |  1  2  3  4  5  6 |
---------------+-------------------+-----
Dodging        | 2 3 |  3.5
Fighting       | 2 3 |  3.8
Transmutations | 3 |  3.8
Spellcasting   | 3 |  3.6
Unarmed Combat | 4 |  4.5
Poison Magic   | 1 |  1.8

Action                   |  1- 3 |  4- 6 |  7- 9 || total
-------------------------+-------+-------+-------++-------
Melee: Unarmed           |   169 |    17 |       ||   186
       Punch             |     3 |     2 |       ||     5
       Headbutt          |     2 |       |       ||     2
       Kick              |    13 |     3 |       ||    16
       Tailslap          |    11 |    16 |     4 ||    31
       Trident           |       |   216 |    43 ||   259
 Cast: Beastly Appendage |    13 |     1 |       ||    14
       Sticks to Snakes  |     1 |     2 |     3 ||     6
  Use: Potion            |       |     2 |     1 ||     3
       Scroll            |       |     2 |       ||     2
 Stab: Sleeping          |     1 |     1 |       ||     2
  Eat: Chunk             |     1 |    10 |     1 ||    12
Armor: Skin              |    42 |    67 |    17 ||   126
Dodge: Dodged            |    97 |   142 |    28 ||   267

Table legend:
 A = Spawn XP
 B = Non-spawn XP
 C = Spawn XP percentage of total XP
 D = Spawn monster count
 E = Non-spawn monster count
 F = Spawn count percentage of total count
 G = Total turns spent on level
                    A         B        C        D         E        F      G
               +---------+---------+-------+---------+---------+-------+---------
         Total |       0 |     955 |   0.0 |       0 |     133 |   0.0 |  4381
               +---------+---------+-------+---------+---------+-------+---------
           D:1 |       0 |      74 |   0.0 |       0 |      39 |   0.0 |  1271
           D:2 |       0 |      82 |   0.0 |       0 |      31 |   0.0 |   953
           D:3 |       0 |     530 |   0.0 |       0 |      49 |   0.0 |  1732
           D:4 |       0 |     269 |   0.0 |       0 |      14 |   0.0 |   425
               +---------+---------+-------+---------+---------+-------+---------
